 Dungeon Crawl Stone Soup version 0.23.1-37-gaa34b87b72 (webtiles) character file.

Game seed: 14884073669400453436

2956 Norn the Slinger (level 10, 0/65 HPs)
             Began as a Halfling Hunter on Mar 25, 2019.
             Was a Believer of Wu Jian.
             Slain by an orc warrior
             ... wielding a +0 mace
              (22 damage)
             ... on level 7 of the Dungeon.
             The game lasted 00:25:14 (9789 turns).

Norn the Slinger (Halfling Hunter)                  Turns: 9789, Time: 00:25:15

Health: 0/65       AC:  5    Str: 13    XL:     10   Next: 8%
Magic:  10/10      EV: 18    Int: 12    God:    Wu Jian [**....]
Gold:   339        SH:  0    Dex: 16    Spells: 9/9 levels left

rFire    . . .     SeeInvis .   y - +2 dagger (venom)
rCold    + . .     Gourm    .   (shield restricted)
rNeg     . . .     Faith    .   E - +0 leather armour {rC+}
rPois    .         Spirit   .   h - +0 helmet
rElec    .         Reflect  .   (no cloak)
rCorr    .         Harm     .   (no gloves)
MR       .....                  z - +0 pair of boots
Stlth    +++.......             k - amulet of the acrobat
HPRegen  0.20/turn              (no ring)
MPRegen  0.12/turn              (no ring)

@: no status effects
A: small, mutation resistance 1
a: Wall Jump, Renounce Religion


You were on level 7 of the Dungeon.
You worshipped Wu Jian.
Wu Jian was pleased with you.
You were not hungry.

You visited 1 branch of the dungeon, and saw 7 of its levels.
You also visited: Sewer.

You collected 339 gold pieces.

Inventory:

Hand Weapons
 a - a +1 hunting sling
 b - a +0 short sword
 y - a +2 dagger of venom (weapon)
   (You took it off a goblin on level 4 of the Dungeon)
 A - a +2 falchion of freezing
   (You took it off an orc on level 4 of the Dungeon)
 O - the +9 war axe of Fuvogiph {chop, +Blink +Fly, unknown}
   (You found it on level 7 of the Dungeon)

   It inflicts extra damage upon your enemies.
   It lets you fly.
   It lets you blink.
Missiles
 f - 116 stones (quivered)
 J - 27 sling bullets
Armour
 h - a +0 helmet (worn)
   (You found it on level 1 of the Dungeon)
 z - a +0 pair of boots (worn)
   (You found it on level 4 of the Dungeon)
 E - a +0 leather armour of cold resistance (worn)
   (You found it on level 4 of the Dungeon)
Jewellery
 k - an amulet of the acrobat (around neck)
   (You found it on level 2 of the Dungeon)
 r - an uncursed amulet of the gourmand {unknown}
   (You found it on level 3 of the Dungeon)
 F - an uncursed ring of ice {unknown}
   (You found it on level 5 of the Dungeon)
 H - an uncursed ring of protection from fire {unknown}
   (You found it on level 6 of the Dungeon)
 I - a cursed ring of attention {unknown}
   (You found it on level 5 of the Dungeon)
 M - a +5 ring of intelligence
   (You took it off an orc on level 7 of the Dungeon)
Wands
 d - a wand of iceblast (9)
   (You found it on level 6 of the Dungeon)
 t - a wand of flame (7)
   (You found it in a sewer)
 B - a wand of polymorph (7)
   (You took it off a goblin on level 4 of the Dungeon)
 D - a wand of clouds (3)
   (You found it on level 4 of the Dungeon)
 L - a wand of scattershot (6)
   (You took it off an orc on level 7 of the Dungeon)
Scrolls
 i - 6 scrolls of teleportation {@r4}
 l - 2 scrolls of noise {unknown}
 p - 2 scrolls of fear {unknown}
 s - 5 scrolls of identify {@r1}
 u - 4 scrolls of blinking {unknown}
 w - 2 scrolls of magic mapping {unknown}
 x - 3 scrolls of immolation {unknown}
 C - 2 scrolls of remove curse {@r2}
 N - a scroll of enchant weapon {unknown}
Potions
 c - a potion of might {unknown}
 g - 4 potions of curing {unknown}
 j - 3 potions of resistance {unknown}
 m - a potion of brilliance {unknown}
 n - a potion of ambrosia {unknown}
 o - a potion of haste {unknown}
 q - a potion of agility {unknown}
 v - a potion of invisibility {unknown}
 G - a potion of mutation {unknown}
 K - a potion of flight {unknown}
Comestibles
 e - 14 rations {!d}
 P - 3 chunks of flesh


   Skills:
 + Level 4.8 Fighting
 * Level 8.4 Short Blades
 * Level 11.5 Slings
 + Level 5.7 Dodging
 + Level 6.0 Stealth


You had 9 spell levels left.
You didn't know any spells.
Your spell library contained the following spells:

 Spells                   Type           Power        Failure   Level  Hunger
 Magic Dart               Conj           #...         38%         1    ##.....
 Shock                    Conj/Air       #...         38%         1    ##.....
 Searing Ray              Conj           #.....       54%         2    ###....
 Swiftness                Chrm/Air       #.......     54%         2    ###....
 Dazzling Spray           Conj/Hex       #.....       77%         3    ####...
 Static Discharge         Conj/Air       #.......     77%         3    ####...
 Airstrike                Air            #.........   99%         4    #####..
 Force Lance              Conj/Tloc      #.......     99%         4    #####..
 Fulminant Prism          Conj/Hex       #.........   99%         4    #####..
 Iskenderun's Mystic Bla  Conj           #.......     99%         4    #####..
 Lightning Bolt           Conj/Air       #.........   100%        5    ######.


Dungeon Overview and Level Annotations

Branches:
Dungeon (7/15)             Temple (0/1) D:6

Altars:
Cheibriados
Dithmenos
Elyvilon
Hepliaklqana
Kikubaaqudgha
Qazlal
Ru
Sif Muna
Uskayaw
Wu Jian
Xom
Yredelemnul


Innate Abilities, Weirdness & Mutations

You are small and have problems with some larger weapons.
You are somewhat resistant to further mutation.


Message History

You struggle to resist.
You hit the orc.
You kill the orc!
The Council accepts your kill.
You open the door.
There is an open door here.
The orc priest calls down the wrath of Beogh upon you.
Beogh smites you!
There is an open door here.
You start resting.
The orc priest is too close now for your liking.
Your leather armour prevents you from hitting the orc priest.
You hit the orc wizard but do no damage.
The orc wizard is poisoned.
The orc priest closely misses you.
You hit the orc priest.
The orc wizard looks braver for a moment.
You hit the orc priest.
The orc priest is poisoned.
You hit the orc priest but do no damage.
The orc priest looks as sick as possible!
You kill the orc priest!
The Council accepts your kill.
You hit the orc warrior.
The orc warrior is poisoned.
You closely miss the orc warrior.
The orc warrior hits you with a +0 mace!
You closely miss the orc warrior.
You hit the orc warrior but do no damage.
The orc warrior looks as sick as possible!
The orc warrior hits you with a +0 mace!
* * * LOW HITPOINT WARNING * * *
You puncture the orc warrior!
The orc warrior looks as sick as possible!
You hit the orc wizard.
The orc wizard looks even sicker.
The orc warrior barely misses you. The orc wizard closely misses you.
The orc wizard points at you and mumbles some strange words.
The magic dart hits you.
* * * LOW HITPOINT WARNING * * *
The orc wizard gestures wildly while chanting.
The orc wizard seems to speed up.
You barely miss the orc warrior.
The orc wizard looks braver for a moment.
The orc warrior barely misses you.
You closely miss the orc warrior.
The orc wizard points at you and mumbles some strange words.
The magic dart hits you.
* * * LOW HITPOINT WARNING * * *
The orc wizard casts a spell.
The orc wizard seems to speed up.
You barely miss the orc warrior.
The orc warrior hits you with a +0 mace!!
You die...

. #.....#..##...###
#####.....#..#....>.#
##..#....)'..#......# ###
....'.....#'###.....# #.##
....#.....#..##'##############...
##..#.....#..#...................
##..#.....#..')..................
.)..#.....####oo..............#..
....#..........o@.............###
###'#.........####......#######..
#>............#..#......# ....
#........^....#..#......# ....
'.............'..#......# ....
#.............##.#......#######..
#....#######+###'######.......###
##...)...#.....†......#.......#
P#...#...+............#.......#


You could see an orc warrior and 2 orc wizards.

Vanquished Creatures
  A hippogriff (D:7)
  An orc warrior (D:7)
  A black bear (D:7)
  An ice beast (D:7)
  2 sky beasts (D:4)
  Purgy (Sewer)
  3 phantoms
  3 centaurs
  4 ogres
  4 bullfrogs
  A water moccasin skeleton (D:2)
  5 killer bees
  2 wights
  A crimson imp (D:5)
  A quasit (D:6)
  A hound (D:5)
  3 orc wizards (D:6)
  A bullfrog skeleton (D:6)
  4 orc priests
  2 centaur skeletons
  3 iguanas
  2 worker ants (D:5)
  Robin (D:4)
  A howler monkey skeleton (D:4)
  9 adders
  2 oozes
  An adder skeleton (D:5)
  2 worms (D:3)
  2 dart slugs (D:2)
  7 leopard geckos
  20 orcs
  2 ball pythons
  A giant cockroach (D:6)
  2 gnoll zombies (D:6)
  16 goblins
  10 hobgoblins
  18 jackals
  5 quokkas
  7 bats
  7 frilled lizards
  12 kobolds
  3 leopard gecko skeletons
  A leopard gecko zombie (D:6)
  9 rats
185 creatures vanquished.

Notes
Turn   | Place    | Note
-------+----------+-------------------------------------------
     0 | D:1      | Norn the Halfling Hunter began the quest for the Orb.
     0 | D:1      | Reached XP level 1. HP: 14/14 MP: 1/1
   235 | D:1      | Reached skill level 6 in Slings
   342 | D:1      | Reached XP level 2. HP: 19/19 MP: 2/2
   359 | D:1      | Reached skill level 1 in Short Blades
   828 | D:2      | Reached XP level 3. HP: 24/24 MP: 3/3
  1139 | D:2      | Reached XP level 4. HP: 16/29 MP: 4/4
  1597 | D:2      | Reached XP level 5. HP: 34/34 MP: 5/5
  2270 | D:3      | Reached skill level 7 in Slings
  2400 | D:3      | Found a glowing drain.
  2409 | Sewer    | Entered a sewer
  2651 | Sewer    | Noticed Purgy
  2675 | Sewer    | Killed Purgy
  2675 | Sewer    | Reached XP level 6. HP: 20/41 MP: 6/6
  3380 | D:3      | Found a faded altar of an unknown god.
  3452 | D:3      | Became a worshipper of the Wu Jian Council
  3452 | D:3      | Reached * piety under Wu Jian
  3700 | D:3      | Found a white marble altar of Elyvilon.
  3922 | D:4      | Reached XP level 7. HP: 32/45 MP: 7/7
  4142 | D:4      | Noticed Robin
  4175 | D:4      | Killed Robin
  4209 | D:4      | Reached skill level 8 in Slings
  5005 | D:5      | Entered Level 5 of the Dungeon
  5318 | D:4      | Reached skill level 5 in Short Blades
  5785 | D:4      | Reached XP level 8. HP: 33/52 MP: 8/8
  6149 | D:4      | Reached skill level 9 in Slings
  6227 | D:5      | Found a hide-covered altar of Uskayaw.
  6228 | D:5      | Found an ancient bone altar of Kikubaaqudgha.
  6556 | D:5      | Found a faded altar of an unknown god.
  6556 | D:5      | Found a deep blue altar of Sif Muna.
  6562 | D:5      | Found a snail-covered altar of Cheibriados.
  6564 | D:5      | Found a hazy altar of Hepliaklqana.
  6570 | D:5      | Found a faded altar of an unknown god.
  6686 | D:5      | Found a shimmering altar of Xom.
  6691 | D:5      | Found a stormy altar of Qazlal.
  6758 | D:6      | Found a staircase to the Ecumenical Temple.
  6867 | D:6      | Reached ** piety under Wu Jian
  7208 | D:6      | Reached XP level 9. HP: 58/58 MP: 9/9
  7296 | D:6      | Reached skill level 10 in Slings
  7687 | D:6      | Found a basalt altar of Yredelemnul.
  7935 | D:6      | Reached skill level 5 in Stealth
  7964 | D:6      | Reached skill level 5 in Dodging
  8975 | D:7      | Reached skill level 11 in Slings
  8993 | D:7      | Found a sacrificial altar of Ru.
  9055 | D:7      | Noticed a hippogriff
  9072 | D:7      | Killed a hippogriff
  9225 | D:7      | Found a shadowy altar of Dithmenos.
  9226 | D:7      | Got an ancient war axe
  9289 | D:7      | Reached XP level 10. HP: 17/65 MP: 10/10
  9789 | D:7      | Slain by an orc warrior

Skill      XL: |  1  2  3  4  5  6  7  8  9 10 |
---------------+-------------------------------+-----
Slings         | 6 7 8 9 11 | 11.5
Short Blades   | 1 2 3 4 5 6 8 |  8.4
Fighting       | 2 3 4 |  4.8
Stealth        | 2 3 4 5 6 |  6.0
Dodging        | 3 4 5 |  5.7

Action                   |  1- 3 |  4- 6 |  7- 9 | 10-12 || total
-------------------------+-------+-------+-------+-------++-------
Melee: Short sword       |    87 |    40 |    98 |       ||   225
       Dagger            |       |       |   240 |    27 ||   267
       Falchion          |       |       |    93 |    17 ||   110
 Fire: Hunting sling     |    41 |   156 |    64 |     3 ||   264
Invok: Lunge             |       |     1 |    37 |     2 ||    40
       Whirlwind         |       |       |    28 |       ||    28
Evoke: Wand              |       |       |     4 |       ||     4
  Use: Scroll            |       |     4 |     1 |       ||     5
 Stab: Sleeping          |     4 |     4 |    14 |       ||    22
       Distracted        |       |       |     1 |       ||     1
       Confused          |       |       |     2 |       ||     2
  Eat: Chunk             |     1 |     7 |    15 |     2 ||    25
       Ration            |       |       |     1 |       ||     1
Armor: Leather armour    |    19 |    17 |    70 |     3 ||   109
Dodge: Dodged            |    65 |    93 |   309 |    19 ||   486
       Rpst.: Falchion   |       |       |    19 |     4 ||    23
